 Dungeon Crawl Stone Soup version 0.22.1-1-ga44c0e56f4 (webtiles) character file.

375148 PikkenKukken the Severer (level 21, -21/225 HPs)
             Began as a Deep Dwarf Fighter on Oct 1, 2018.
             Was the Champion of Makhleb.
             Killed from afar by Boris (58 damage)
             ... with a bolt of cold
             ... on level 3 of the Vaults on Oct 2, 2018.
             The game lasted 02:26:48 (45700 turns).

PikkenKukken the Severer (Deep Dwarf Fighter)      Turns: 45700, Time: 02:26:48

Health: -21/225    AC: 30    Str: 30    XL:     21   Next: 78%
Magic:  16/16      EV: 12    Int: 23    God:    Makhleb [******]
Gold:   3932       SH: 25    Dex: 15    Spells: 32/40 levels left

rFire    x . .     SeeInvis +   N - +3 broad axe (chop)
rCold    x . .     Gourm    .   y - +0 large shield {AC+3}
rNeg     + + +     Faith    .   H - +6 scale mail "Faoshriuc" {*Contam +Blink rElec Str+8}
rPois    .         Spirit   .   t - +2 hat {MR+}
rElec    +         Reflect  +   B - +0 cloak of Objectivity {rC- rN+ Int+3}
rCorr    +         Harm     .   U - +1 pair of gloves {Dex+3}
MR       +++++                  c - +2 pair of boots of the Assassin {Detection Stab+ Stlth++}
Stlth    +++++.....             X - +3 amulet of reflection
HPRegen  0.00/turn              Q - ring of the Okapi {rCorr MR+ Str-2 Int+4 Slay+3}
MPRegen  0.15/turn              P - ring "Orepiud" {rElec rF- rN+ Int+3 SInv}

@: lethally poisoned (-21 -> -21), non-regenerating, studying Translocations
A: damage resistance, heal wounds, negative energy resistance 1, sense
surroundings 3, robust 1, shaggy fur 1, weak 1, no regeneration
}: 2/15 runes: decaying, serpentine
a: Heal Wounds, Minor Destruction, Lesser Servant of Makhleb, Major Destruction,
Greater Servant of Makhleb, Renounce Religion, Evoke Blink


You were on level 3 of the Vaults.
You worshipped Makhleb.
Makhleb was exalted by your worship.
You were very full.

You visited 9 branches of the dungeon, and saw 41 of its levels.
You also visited: Ice Cave.

You collected 5484 gold pieces.
You spent 1552 gold pieces at shops.

Inventory:

Hand Weapons
 N - a +3 broad axe of chopping (weapon)
 V - a +1 vampiric war axe
Missiles
 o - 260 sling bullets
Armour
 c - the +2 pair of boots of the Assassin (worn) {Detection Stab+ Stlth++}
   (You found it on level 3 of the Elven Halls)

   It makes you much more stealthy.
 t - a +2 hat of magic resistance (worn)
 y - a +0 large shield of protection (worn)
 B - the +0 cloak of Objectivity (worn) {rC- rN+ Int+3}
   (You bought it in a shop on level 1 of the Vaults)

   It affects your intelligence (+3).
   It makes you vulnerable to cold.
   It protects you from negative energy.
 H - the +6 scale mail "Faoshriuc" (worn) {*Contam +Blink rElec Str+8}
   (You took it off a death knight on level 9 of the Dungeon)

   It affects your strength (+8).
   It insulates you from electricity.
   It lets you blink.
   It causes magical contamination when unequipped.
 M - the +5 shadow dragon scales of Lobluhas {Dex+2 Stlth++++}
   (You found it on level 3 of the Crypt)

   It affects your dexterity (+2).
   It makes you much more stealthy.
 U - a +1 pair of gloves of dexterity (worn)
Jewellery
 d - an uncursed ring of poison resistance
 r - a +4 ring of intelligence
 u - an uncursed amulet of magic regeneration
 P - the ring "Orepiud" (right hand) {rElec rF- rN+ Int+3 SInv}
   (You took it off a deep elf high priest on level 3 of the Elven Halls)

   [ring of see invisible]

   It affects your intelligence (+3).
   It makes you vulnerable to fire.
   It insulates you from electricity.
   It protects you from negative energy.
   It lets you see invisible.
 Q - the ring of the Okapi (left hand) {rCorr MR+ Str-2 Int+4 Slay+3}
   (You found it on level 12 of the Dungeon)

   [ring of resist corrosion]

   It affects your strength (-2).
   It affects your intelligence (+4).
   It affects your accuracy and damage with ranged weapons and melee attacks
   (+3).
   It affects your resistance to hostile enchantments.
 S - an uncursed ring of protection from cold
 T - an uncursed ring of flight
 X - a +3 amulet of reflection (around neck)
Wands
 a - a wand of disintegration (38)
 p - a wand of scattershot (4)
 x - a wand of acid (33)
 G - a wand of paralysis (17)
 J - a wand of flame (26)
 O - a wand of digging (14)
Scrolls
 b - 2 scrolls of vulnerability
 g - 13 scrolls of remove curse
 k - 2 scrolls of blinking
 l - 4 scrolls of magic mapping
 m - 2 scrolls of identify
 A - 5 scrolls of enchant weapon
 C - 2 scrolls of enchant armour
 F - 10 scrolls of teleportation
 I - 2 scrolls of fog
 W - 3 scrolls of fear
 Y - 9 scrolls of amnesia
 Z - 4 scrolls of holy word
Potions
 h - 6 potions of mutation
 i - 3 potions of agility
 j - 9 potions of curing
 q - 4 potions of magic
 s - 3 potions of heal wounds
 v - 3 potions of berserk rage
 w - 3 potions of cancellation
 z - 2 potions of might
 D - 5 potions of brilliance
 E - 4 potions of haste
 K - a potion of ambrosia
 L - 2 potions of flight
Books
 R - a manual of Translocations
Comestibles
 f - 54 rations


   Skills:
 + Level 16.0 Fighting
 - Level 18.2 Axes
 - Level 15.0 Armour
 - Level 5.0 Dodging
 - Level 10.0 Stealth
 - Level 15.0 Shields
 + Level 10.0 Spellcasting
 - Level 10.0 Charms
 - Level 5.0 Summonings
 - Level 10.0 Translocations
 - Level 10.0 Air Magic
 - Level 14.7 Invocations
 - Level 5.0 Evocations


You had 32 spell levels left.
You knew the following spells:

 Your Spells              Type           Power        Failure   Level  Hunger
a - Apportation           Tloc           ######       1%          1    None
b - Deflect Missiles      Chrm/Air       ######....   65%         6    ######.
c - Summon Butterflies    Summ           ####....     4%          1    None

Your spell library contained the following spells:

 Spells                   Type           Power        Failure   Level  Hunger
 Summon Small Mammal      Summ           ####         4%          1    None
 Call Imp                 Summ           ####....     7%          2    None
 Poisonous Vapours        Pois/Air       ####..       7%          2    None
 Call Canine Familiar     Summ           ####....     13%         3    None
 Portal Projectile        Hex/Tloc       ####..       13%         3    None
 Summon Lightning Spire   Summ/Air       #####...     16%         4    #......
 Mephitic Cloud           Conj/Pois/Air  ####....     26%         3    None
 Animate Skeleton         Necr           N/A          34%         1    None
 Confusing Touch          Hex            ##....       34%         1    None
 Flame Tongue             Conj/Fire      ##...        34%         1    None
 Pain                     Necr           ##..         34%         1    None
 Sting                    Conj/Pois      ##..         34%         1    None
 Summon Guardian Golem    Hex/Summ       ###.....     36%         3    None
 Ensorcelled Hibernation  Hex/Ice        ##....       45%         2    None
 Slow                     Hex            ##......     45%         2    None
 Throw Flame              Conj/Fire      ##....       45%         2    None
 Conjure Flame            Conj/Fire      ##......     71%         3    None
 Dazzling Spray           Conj/Hex       ##....       71%         3    None
 Inner Flame              Hex/Fire       ##......     71%         3    None
 Vampiric Draining        Necr           ##........   71%         3    None
 Summon Ice Beast         Ice/Summ       ###.....     77%         4    #......
 Silence                  Hex/Air        ####......   77%         5    ####...
 Animate Dead             Necr           N/A          98%         4    #......
 Ice Form                 Ice/Tmut       ##......     98%         4    #......
 Olgreb's Toxic Radiance  Pois           ##......     98%         4    #......
 Sticky Flame             Conj/Fire      ##......     98%         4    #......
 Summon Mana Viper        Hex/Summ       ###.....     98%         5    ####...
 Fireball                 Conj/Fire      ##........   100%        5    ####...
 Metabolic Englaciation   Hex/Ice        ##........   100%        5    ####...
 Venom Bolt               Conj/Pois      ##........   100%        5    ####...
 Yara's Violent Unravell  Hex/Tmut       ##........   100%        5    ####...
 Bolt of Cold             Conj/Ice       ##........   100%        6    ######.
 Conjure Ball Lightning   Conj/Air       ####......   100%        6    ######.
 Freezing Cloud           Conj/Ice/Air   ####......   100%        6    ######.
 Iron Shot                Conj/Erth      ##........   100%        6    ######.
 Ozocubu's Refrigeration  Ice            ##........   100%        6    ######.
 Simulacrum               Ice/Necr       ##........   100%        6    ######.
 Malign Gateway           Summ/Tloc      #####.....   100%        7    #######
 Monstrous Menagerie      Summ           ####......   100%        7    #######
 Ring of Flames           Chrm/Fire      ####......   100%        7    #######
 Summon Greater Demon     Summ           ####......   100%        7    #######
 Ignition                 Fire           ##........   100%        8    #######
 Summon Horrible Things   Summ           ####......   100%        8    #######
 Tornado                  Air            ######....   100%        9    #######
 Regeneration             Chrm/Necr      Unusable     N/A         3    N/A

Dungeon Overview and Level Annotations

Branches:
Dungeon (15/15)            Temple (1/1) D:6            Lair (6/6) D:10
  Swamp (4/4) Lair:2        Snake (4/4) Lair:2        Slime (0/5) Lair:5
    Orc (2/2) D:9             Elf (3/3) Orc:2        Vaults (3/5) D:14
  Crypt (3/3) Vaults:2       Tomb (0/3) Crypt:3      Depths (0/5) D:15

Altars:
Ashenzari
Cheibriados
Dithmenos
Elyvilon
Fedhas
Gozag
Hepliaklqana
Kikubaaqudgha
Makhleb
Nemelex Xobeh
Okawaru
Qazlal
Ru
Sif Muna
Trog
Uskayaw
Vehumet
Wu Jian
Xom
Yredelemnul
Zin
The Shining One
Beogh

Shops:
D:6 ***=:   Orc:2 %}:?   Elf:2 (   Elf:3 (==}   Snake:1 %*[(   Vaults:1 *==*

Portals:
Hell: Lair:6
Trove: Elf:1 (give 15 scrolls of teleportation)

Annotations:
D:12 3 runed doors
D:14 1 runed door, SlightEye's ghost, adept FoFi
Swamp:1 exclusion: Roxanne, Roxanne
Snake:4 1 runed door, Dickchan's ghost, adept MiBe
Elf:1 3 runed doors, Jannitor's ghost, adept OgSu
Vaults:3 Boris
Crypt:1 1 runed door, Dazavuho's ghost, veteran MiBe


Innate Abilities, Weirdness & Mutations

You are resistant to damage.
You can heal yourself by infusing magical energy.
You resist negative energy. (rN+)
You passively map a large area around you.
You do not regenerate.
You are robust. (+10% HP)
You are covered in fur. (AC +1)
You are weak. (Str -2)


Message History

Boris is heavily damaged.
Boris launches a ball of destructive magic.
The wavering orb of destruction weakly hits you!
* * * LOW HITPOINT WARNING * * *
Unknown command.
You hit Boris.
Boris is heavily damaged.
You slash the tengu reaver!
Your butterfly disappears in a puff of smoke!
You block the tengu reaver's attack. x2; The tengu reaver claws you!
* * * LOW HITPOINT WARNING * * *
Unknown command.
You hit Boris.
Boris is heavily damaged.
You hit the tengu reaver but do no damage.
You slash the orc warrior!
Send 'em back where they came from!
Your butterfly disappears in a puff of smoke! x2
Boris gestures at you while chanting. The bolt of cold hits you!
You feel a terrible chill!
You die...

*** #.....#.....#.# , ,
,########...###########,*
, , +......#.......#, , ,
* , #......#.>.....###, ,
* #......#)§)....[}# , ,
, #.(....')))###.##### ,*
, #......#.....#(#...# *
, ,
,#......#..o#####...#* *
* #......#..Q@.§.#...#, ,
,
########.oL#####...###.#
#..o{{........... ,,
#.........o§§.... ,
#...........§....
################# *


You could see Boris (invisible), a tengu reaver, an orc sorcerer, an orc warrior
and an orc.

Vanquished Creatures
  Mara (Crypt:1)
  An ancient lich (Crypt:3)
  the Lernaean hydra (Swamp:3)
  Frederick (Crypt:1)
  A bone dragon (Crypt:3)
  Jory (Crypt:1)
  An Ice Fiend (IceCv)
  A tentacled monstrosity (Swamp:2)
  A lich (Crypt:3)
  Asterion (Snake:1)
  3 deep elf blademasters
  Gastronok (D:9)
  A sphinx (Vaults:1)
  Kirke (Snake:1)
  3 ancient champions
  A thorn hunter (Swamp:4)
  3 revenants
  7 nagarajas (Snake:4)
  3 frost giants
  2 vault wardens (Vaults:1)
  Louise (Snake:1)
  2 orc warlords
  4 deep elf sorcerers (Elf:3)
  7 ghouls
  6 ironheart preservers
  3 deep elf elementalists (Elf:3)
  3 war gargoyles (Crypt:3)
  2 stone giants
  3 vampire knights
  6 deep elf annihilators
  2 deep elf demonologists
  A fire dragon (Vaults:2)
  An ettin (Orc:1)
  3 crystal guardians (Crypt:3)
  A quicksilver dragon zombie (Crypt:3)
  4 deep elf death magi
  4 eidola
  Snorg (Lair:5)
  4 jiangshi (Crypt:2)
  Fannar (Lair:2)
  Josephine (D:12)
  12 hydras
  2 deep elf high priests (Elf:3)
  5 vault guards
  12 naga warriors
  A hell beast (Lair:6)
  9 anacondas
  A rakshasa (Vaults:1)
  10 centaur warriors
  2 ghost crabs
  32 two-headed ogres
  3 death knights
  14 alligators
  11 ogre magi
  4 vampire magi
  24 dancing weapons
  A deep troll earth mage (Vaults:1)
  An orc high priest (Elf:1)
  2 tengu warriors
  3 spriggan berserkers (Elf:1)
  A titan zombie (Crypt:3)
  6 naga sharpshooters
  A storm dragon zombie (Crypt:3)
  9 shock serpents
  A soul eater (Crypt:2)
  14 deep elf knights
  Nergalle (D:12)
  6 unseen horrors
  3 shadow wraiths (Crypt:2)
  A salamander mystic (Snake:3)
  5 hell knights (Crypt:3)
  27 skeletal warriors
  3 deep trolls
  2 shambling mangroves
  12 swamp dragons
  A harpy (Vaults:1)
  An anaconda skeleton (Crypt:3)
  A harpy (shapeshifter) (D:14)
  46 deep elf magi
  5 phantasmal warriors
  2 flayed ghosts
  5 deep elf archers
  A lindwurm (Lair:4)
  5 ironbrand convokers
  16 orc knights
  6 naga ritualists
  6 orc sorcerers
  17 ugly things
  A wolf spider zombie (D:14)
  8 necromancers
  3 mana vipers (Snake:1)
  A manticore (D:14)
  3 salamanders
  A wolf spider (Vaults:1)
  9 cyclopes
  8 elephants
  6 centaur zombies
  15 naga magi
  2 frost giant skeletons
  32 black mambas
  6 guardian serpents
  8 vault sentinels
  3 ice statues
  2 torpor snails (Lair:6)
  A fire giant skeleton (Crypt:2)
  9 spiny frogs
  A smoke demon (Lair:6)
  A dire elephant skeleton (Crypt:2)
  7 yaktaurs
  A swamp worm zombie (Crypt:1)
  A kobold demonologist (D:15)
  3 rime drakes (Lair:6)
  A golden dragon simulacrum (Crypt:2)
  A grey draconian skeleton (Crypt:2)
  A komodo dragon (shapeshifter) (D:13)
  3 komodo dragons
  4 freezing wraiths
  A tengu conjurer (D:13)
  12 ice devils
  7 tyrant leeches
  A harpy zombie (Crypt:3)
  A meliai (shapeshifter) (D:15)
  2 red devils (Lair:6)
  A small abomination (Elf:3)
  7 polar bears (Lair:1)
  3 hornets
  9 trolls
  35 slime creatures
  13 blink frogs
  9 hippogriffs
  11 bog bodies
  A stone giant simulacrum (Crypt:2)
  An ettin zombie (Crypt:3)
  2 air elementals
  2 centaur simulacra (D:14)
  40 flying skulls
  A yak (shapeshifter) (D:13)
  2 ice dragon skeletons (Crypt:3)
  A fire dragon skeleton (Crypt:3)
  6 shadows
  An ettin skeleton (Crypt:3)
  3 spriggans (Swamp:2)
  3 water elementals
  4 wyverns
  18 wraiths
  7 basilisks
  A vampire (D:14)
  3 hogs (Snake:1)
  A tyrant leech zombie (Crypt:1)
  48 yaks
  4 fire elementals
  3 hungry ghosts
  Edmund (D:6)
  Menkaure (D:6)
  16 swamp worms
  13 vampire mosquitoes
  18 insubstantial wisps
  9 wargs
  3 acid dragons
  60 nagas
  A water nymph zombie (Crypt:1)
  2 hell hounds (Lair:6)
  2 soldier ants
  2 floating eyes (shapeshifter)
  9 porcupines
  7 water moccasins
  41 orc warriors
  A deep troll skeleton (Crypt:2)
  14 swamp drakes
  A sky beast (shapeshifter) (Vaults:2)
  A hornet zombie (D:12)
  26 ice beasts
  4 sky beasts
  8 black bears
  8 necrophages
  A phantom (D:11)
  2 black bears (shapeshifter) (Vaults:1)
  A blink frog zombie (Crypt:2)
  3 eyes of draining
  15 ogres
  14 centaurs
  A snapping turtle skeleton (Crypt:2)
  6 crocodiles
  4 big kobolds
  A wyvern zombie (D:7)
  20 bullfrogs
  A komodo dragon skeleton (Crypt:1)
  A draconian skeleton (Crypt:2)
  5 earth elementals
  An elf skeleton (Crypt:1)
  2 wyvern skeletons
  A hornet simulacrum (D:14)
  7 scorpions
  6 killer bees
  13 wights
  6 electric eels
  11 howler monkeys
  4 crimson imps
  4 bullfrog zombies
  A quasit (D:12)
  6 hounds
  A wolf skeleton (Crypt:1)
  Crazy Yiuf (D:2)
  A basilisk zombie (Crypt:2)
  29 orc priests
  12 jellies
  7 centaur skeletons
  An iron imp (D:9)
  32 orc wizards
  Jessica (D:2)
  3 bullfrog skeletons
  Terence (D:2)
  4 iguanas
  9 worker ants
  A tengu skeleton (Crypt:1)
  Robin (D:2)
  7 gnolls
  13 adders
  6 shadow imps
  8 white imps
  7 ufetubi
  5 oozes (D:8)
  2 adder zombies
  An iguana zombie (Crypt:2)
  An adder skeleton (D:7)
  2 worms
  A barachi skeleton (Crypt:2)
  4 dart slugs
  6 leopard geckos
  88 orcs
  6 bats
  4 giant cockroaches
  14 goblins
  15 hobgoblins
  3 jackals (D:3)
  22 kobolds
  9 quokkas
  A ball python (D:1)
  7 frilled lizards
  3 jackal skeletons
  A jackal zombie (D:5)
  A leopard gecko zombie (D:8)
  A quokka skeleton (D:7)
  A quokka zombie (Crypt:1)
  9 rats
  2 crawling corpses (Elf:3)
  7 fungi
  2 plants
1602 creatures vanquished.

Vanquished Creatures (collateral kills)
  Vashnia (Snake:2)
  A lich (Crypt:3)
  An Ice Fiend (IceCv)
  A deep elf master archer (Elf:3)
  3 deep elf sorcerers
  A war gargoyle (Crypt:3)
  2 deep elf demonologists (Elf:3)
  A deep elf elementalist (Elf:3)
  2 deep elf annihilators (Elf:3)
  Nessos (D:14)
  Azrael (Elf:1)
  A fire dragon (D:9)
  A deep elf high priest (Elf:3)
  4 hydras (Swamp:4)
  A death knight (D:12)
  2 two-headed ogres
  An orc high priest (Orc:2)
  Urug (Lair:4)
  A deep elf knight (Elf:2)
  3 naga sharpshooters (Snake:2)
  A titan zombie (Crypt:3)
  A skeletal warrior (Crypt:1)
  A hell knight (Crypt:3)
  A swamp dragon (Swamp:4)
  2 deep elf magi
  A wizard (Lair:6)
  An orc sorcerer (Orc:2)
  3 elephants
  5 spiny frogs
  A rime drake (Lair:6)
  A freezing wraith (D:10)
  An orange demon (Lair:6)
  2 ice devils
  5 komodo dragons
  A hornet (Swamp:2)
  3 blink frogs
  2 hippogriffs
  2 polar bears (D:14)
  A flying skull (Crypt:1)
  A centaur simulacrum (D:14)
  An air elemental (Elf:3)
  A hog (Snake:1)
  A wyvern (Lair:5)
  2 fire elementals (Elf:1)
  A water elemental (D:14)
  7 yaks
  A vampire mosquito (Swamp:2)
  2 nagas (Lair:2)
  3 hell hounds
  A soldier ant (D:12)
  2 acid dragons (D:12)
  5 water moccasins
  A porcupine (Lair:1)
  2 orc warriors
  A centaur (D:11)
  A snapping turtle skeleton (Crypt:3)
  A blink frog skeleton (Crypt:1)
  3 crocodiles
  2 bullfrogs
  A wight (D:9)
  A howler monkey (D:10)
  A jelly (D:12)
  An orc wizard (Orc:2)
  A white imp (D:14)
  3 orcs (Orc:2)
  A briar patch (Swamp:4)
  A plant (Lair:5)
114 creatures vanquished.

Vanquished Creatures (others)
  Nikola (Snake:1)
  2 deep elf master archers (Elf:3)
  A naga warrior (Snake:1)
  5 naga sharpshooters
  An ironbrand convoker (Vaults:1)
  2 deep elf archers (Elf:1)
  A mana viper (Snake:1)
  5 deep elf magi
  2 salamanders
  A black mamba (Snake:3)
  2 nagas
  An electric eel (D:11)
  4 white imps (IceCv)
  4 ufetubi (IceCv)
  2 orcs
  8 fungi
  A plant (Lair:1)
43 creatures vanquished.

Grand Total: 1759 creatures vanquished

Notes
Turn   | Place    | Note
-------+----------+-------------------------------------------
     0 | D:1      | PikkenKukken the Deep Dwarf Fighter began the quest for the
                  | Orb.
     0 | D:1      | Reached XP level 1. HP: 20/20 MP: 1/1
     2 | D:1      | Noticed a demonspawn
     2 | D:1      | Noticed an octopode
     4 | D:1      | Noticed a minotaur
     6 | D:1      | Noticed a vine stalker
     6 | D:1      | Noticed a draconian
     8 | D:1      | Noticed a tengu
     8 | D:1      | Noticed a ghoul
    10 | D:1      | Noticed a felid
    12 | D:1      | Noticed a formicid
    12 | D:1      | Noticed a dwarf
    14 | D:1      | Noticed an elf
    14 | D:1      | Noticed a naga
    16 | D:1      | Noticed a merfolk
    16 | D:1      | Noticed an ogre
    18 | D:1      | Noticed a gargoyle
    18 | D:1      | Noticed a halfling
    20 | D:1      | Noticed a spriggan
    22 | D:1      | Noticed a centaur
    24 | D:1      | Noticed a human
    24 | D:1      | Noticed a vampire
    26 | D:1      | Noticed a demigod
    26 | D:1      | Noticed a troll
   200 | D:1      | Reached XP level 2. HP: 27/27 MP: 2/2
   542 | D:1      | You fall through a shaft!
   581 | D:2      | Reached skill level 1 in Dodging
   581 | D:2      | Reached XP level 3. HP: 29/33 MP: 3/3
   618 | D:2      | Reached skill level 3 in Axes
   671 | D:2      | Noticed Robin
   680 | D:2      | Reached XP level 4. HP: 24/42 MP: 4/4
   685 | D:2      | Noticed Jessica
   692 | D:2      | Killed Jessica
   699 | D:2      | Killed Robin
   767 | D:2      | Reached XP level 5. HP: 42/49 MP: 5/5
   884 | D:2      | Noticed Terence
   909 | D:2      | Killed Terence
   909 | D:2      | Reached skill level 4 in Axes
  1830 | D:2      | Found an iron altar of Okawaru.
  2035 | D:2      | Found a runed door.
  2039 | D:2      | Noticed Crazy Yiuf
  2047 | D:2      | Killed Crazy Yiuf
  2047 | D:2      | Reached XP level 6. HP: 25/56 MP: 0/5
  2438 | D:3      | Found a blossoming altar of Fedhas.
  2611 | D:3      | Found a glowing golden altar of the Shining One.
  2706 | D:3      | Found a stormy altar of Qazlal.
  3002 | D:4      | Reached skill level 5 in Axes
  3057 | D:4      | Gained mutation: You are weak. (Str -2) [potion of
                  | mutation]
  3057 | D:4      | Gained mutation: You are covered in fur. (AC +1) [potion of
                  | mutation]
  3057 | D:4      | Gained mutation: You are robust. (+10% HP) [potion of
                  | mutation]
  3101 | D:4      | Found an opulent altar of Gozag.
  3318 | D:4      | Found a glowing golden altar of the Shining One.
  3404 | D:5      | Entered Level 5 of the Dungeon
  3411 | D:5      | Found a shattered altar of Ashenzari.
  3459 | D:5      | Reached XP level 7. HP: 53/69 MP: 5/5
  3527 | D:5      | Found an ornate altar of the Wu Jian Council.
  3667 | D:5      | Found a sacrificial altar of Ru.
  3854 | D:5      | Found a shadowy altar of Dithmenos.
  4547 | D:6      | Noticed Menkaure
  4554 | D:6      | Killed Menkaure
  4554 | D:6      | Reached skill level 5 in Shields
  4610 | D:6      | Reached skill level 6 in Axes
  4610 | D:6      | Reached skill level 5 in Armour
  4619 | D:6      | Reached XP level 8. HP: 45/80 MP: 6/6
  4717 | D:6      | Noticed Edmund
  4740 | D:6      | Killed Edmund
  4781 | D:6      | Found Hes Qaipn's General Store.
  4865 | D:6      | Found Ickery's General Store.
  4919 | D:6      | Found a staircase to the Ecumenical Temple.
  4924 | Temple   | Entered the Ecumenical Temple
  5114 | Temple   | Became a worshipper of Makhleb the Destroyer
  5197 | D:6      | Found Sietteim's General Store.
  5204 | D:6      | Bought a scroll of identify for 20 gold pieces
  5204 | D:6      | Bought 13 sling bullets for 65 gold pieces
  5236 | D:6      | Reached skill level 7 in Axes
  5314 | D:6      | Found Couch's Book Shoppe.
  5408 | D:6      | Found Ywnolek's Jewellery Shoppe.
  5550 | D:7      | Reached skill level 1 in Invocations
  5802 | D:7      | Found a white marble altar of Elyvilon.
  5824 | D:7      | Found a sparkling altar of Nemelex Xobeh.
  5849 | D:7      | Reached skill level 5 in Fighting
  5959 | D:7      | Reached skill level 5 in Dodging
  5959 | D:7      | Gained mutation: You passively map the area around you.
                  | [Deep Dwarf growth]
  5959 | D:7      | Reached XP level 9. HP: 64/89 MP: 6/6
  6014 | D:7      | Reached * piety under Makhleb
  6027 | D:7      | Reached skill level 8 in Axes
  6042 | D:7      | Noticed a two-headed ogre
  6066 | D:7      | Killed a two-headed ogre
  6528 | D:8      | Reached skill level 9 in Axes
  6799 | D:8      | Reached ** piety under Makhleb
  7093 | D:8      | Reached XP level 10. HP: 100/100 MP: 9/9
  7111 | D:8      | Reached skill level 5 in Invocations
  7329 | D:9      | Noticed Gastronok
  7407 | D:9      | Found a staircase to the Orcish Mines.
  7628 | D:9      | Reached skill level 1 in Stealth
  7646 | D:9      | Noticed a fire dragon
  7647 | D:9      | Noticed a death knight
  7677 | D:10     | Entered Level 10 of the Dungeon
  7714 | D:10     | Reached skill level 10 in Axes
  7721 | D:10     | Reached *** piety under Makhleb
  8120 | D:10     | Found a staircase to the Lair.
  8138 | D:10     | Noticed a phantasmal warrior
  8156 | D:10     | Killed a phantasmal warrior
  8156 | D:10     | Reached XP level 11. HP: 63/108 MP: 8/10
  8159 | D:10     | Noticed a death knight
  8173 | Lair:1   | Entered Level 1 of the Lair of Beasts
  8301 | Lair:1   | Reached skill level 11 in Axes
  8308 | Lair:1   | Reached **** piety under Makhleb
  8656 | Lair:1   | Reached skill level 5 in Stealth
  9353 | Lair:2   | Found a staircase to the Snake Pit.
  9412 | Lair:2   | Noticed Fannar
  9426 | Lair:2   | Killed Fannar
  9611 | Lair:2   | Found a staircase to the Swamp.
 10028 | Lair:3   | Noticed a four-headed hydra
 10038 | Lair:3   | Killed a one-headed hydra
 10038 | Lair:3   | Reached skill level 12 in Axes
 10051 | Lair:3   | Reached XP level 12. HP: 89/121 MP: 10/10
 10860 | Lair:4   | Noticed Urug
 10872 | Lair:4   | Killed Urug
 10922 | Lair:4   | Noticed a seven-headed hydra
 10929 | Lair:4   | Killed a three-headed hydra
 11640 | Lair:5   | Noticed Snorg
 11652 | Lair:5   | Killed Snorg
 11652 | Lair:5   | Reached skill level 13 in Axes
 11890 | Lair:5   | Reached skill level 10 in Shields
 11914 | Lair:5   | Reached skill level 10 in Armour
 12048 | Lair:5   | Found a staircase to the Slime Pits.
 12100 | Lair:6   | Entered Level 6 of the Lair of Beasts
 12166 | Lair:6   | Reached skill level 1 in Evocations
 12237 | Lair:6   | Reached skill level 10 in Invocations
 12450 | D:10     | Reached XP level 13. HP: 129/129 MP: 7/7
 13834 | Lair:6   | Found a burning altar of Makhleb.
 13891 | Lair:6   | Reached skill level 14 in Axes
 13948 | Lair:6   | Found a gateway to Hell.
 13956 | Lair:6   | Found the +14 obsidian axe {chop, +Fly SInv *Curse}
 14333 | D:9      | Found a snail-covered altar of Cheibriados.
 14376 | D:9      | Got a twisted scale mail
 14377 | D:9      | Identified the +6 scale mail "Faoshriuc" {*Contam +Blink
                  | rElec Str+8} (You took it off a death knight on level 9 of
                  | the Dungeon)
 14802 | D:9      | Killed a fire dragon
 14802 | D:9      | Reached skill level 5 in Evocations
 15070 | D:9      | Killed Gastronok
 15639 | D:10     | Paralysed by a hornet for 1 turns
 16077 | D:11     | Gained mutation: You resist negative energy. (rN+) [Deep
                  | Dwarf growth]
 16077 | D:11     | Reached XP level 14. HP: 116/141 MP: 5/5
 16114 | D:11     | Reached skill level 1 in Spellcasting
 16411 | D:11     | Reached ***** piety under Makhleb
 16416 | D:11     | Found the +5 scythe "Finisher" {speed, Str+3}
 16787 | D:12     | Got a scorched pewter ring
 16818 | D:12     | Identified the ring of the Okapi {rCorr MR+ Str-2 Int+4
                  | Slay+3} (You found it on level 12 of the Dungeon)
 16834 | D:12     | Identified the Almanac of the Blaze
 16837 | D:12     | Noticed Nergalle
 16845 | D:12     | Killed Nergalle
 16845 | D:12     | Reached skill level 15 in Axes
 17058 | D:12     | Noticed Josephine
 17071 | D:12     | Killed Josephine
 17165 | D:12     | Found a runed gate.
 17165 | D:12     | Found a runed gate.
 17166 | D:12     | Found a runed gate.
 17170 | D:12     | Noticed a purple very ugly thing
 17311 | D:12     | Reached skill level 10 in Fighting
 18096 | D:11     | Noticed a frost giant
 18127 | D:11     | Killed a frost giant
 18374 | Orc:1    | Entered Level 1 of the Orcish Mines
 18510 | Orc:2    | Entered Level 2 of the Orcish Mines
 18510 | Orc:2    | Found a staircase to the Elven Halls.
 18864 | Orc:2    | Reached ****** piety under Makhleb
 19106 | Orc:2    | Found Ibraheg's Magic Scroll Emporium.
 19106 | Orc:2    | Found Quzehaar's Book Emporium.
 19113 | Orc:2    | Found Anat's Food Shoppe.
 19122 | Orc:2    | Found Koawnith's Gadget Shoppe.
 19129 | Orc:2    | Bought a scroll of brand weapon for 300 gold pieces
 19457 | Orc:2    | Noticed an orc warlord
 19617 | Orc:2    | Killed an orc warlord
 19617 | Orc:2    | Reached XP level 15. HP: 92/151 MP: 7/7
 19754 | Orc:2    | Found a bloodstained altar of Trog.
 20062 | D:6      | Bought a book of Cantrips for 260 gold pieces
 20064 | D:6      | Learned a level 1 spell: Apportation
 20240 | D:13     | Reached skill level 1 in Translocations
 20394 | D:13     | Found a roughly hewn altar of Beogh.
 20473 | D:13     | Reached skill level 16 in Axes
 21015 | D:13     | Found a blossoming altar of Fedhas.
 21310 | D:14     | Found a gate to the Vaults.
 21329 | D:14     | Reached skill level 5 in Translocations
 21555 | D:14     | Noticed Nessos
 21597 | D:14     | Killed Nessos
 21770 | D:14     | Found a runed door.
 21775 | D:14     | Noticed SlightEye's ghost (adept FoFi)
 22056 | D:15     | Entered Level 15 of the Dungeon
 22165 | D:15     | Reached skill level 17 in Axes
 23064 | D:15     | Found a staircase to the Depths.
 23064 | D:15     | Noticed a frost giant
 23078 | D:15     | Killed a frost giant
 23235 | Swamp:1  | Entered Level 1 of the Swamp
 23319 | Swamp:1  | Found a frozen archway.
 23323 | IceCv    | Entered an ice cave
 23428 | IceCv    | Reached XP level 16. HP: 140/160 MP: 9/9
 23710 | IceCv    | Noticed an Ice Fiend
 23710 | IceCv    | Noticed an Ice Fiend
 23735 | IceCv    | Killed an Ice Fiend
 23744 | IceCv    | Killed an Ice Fiend
 24484 | Swamp:1  | Reached skill level 18 in Axes
 24515 | Swamp:1  | Noticed Roxanne
 24816 | Swamp:1  | Reached skill level 10 in Translocations
 25127 | Swamp:2  | Reached skill level 5 in Spellcasting
 25401 | Swamp:2  | Noticed a tentacled monstrosity
 25411 | Swamp:2  | Killed a tentacled monstrosity
 26088 | Swamp:3  | Learned a level 6 spell: Deflect Missiles
 26553 | Snake:1  | Entered Level 1 of the Snake Pit
 26566 | Snake:1  | Reached skill level 1 in Charms
 26589 | Snake:1  | Found a shimmering altar of Xom.
 26703 | Snake:1  | Noticed Nikola
 26776 | Snake:1  | Killed Nikola
 26810 | Snake:1  | Reached XP level 17. HP: 174/174 MP: 5/9
 26982 | Snake:1  | Found Luejarer's Antique Armour Emporium.
 26982 | Snake:1  | Found Receahol's Assorted Antiques.
 26983 | Snake:1  | Found Zogon's Food Shoppe.
 26987 | Snake:1  | Found Dunutid's Antique Weapon Emporium.
 27040 | Snake:1  | Noticed Louise
 27076 | Snake:1  | Killed Louise
 27077 | Snake:1  | Noticed Asterion
 27082 | Snake:1  | Noticed Kirke
 27102 | Snake:1  | Killed Asterion
 27104 | Snake:1  | Killed Kirke
 28030 | Snake:2  | Noticed Vashnia
 28316 | Snake:2  | Killed Vashnia
 28696 | Snake:3  | Reached skill level 5 in Charms
 30061 | Snake:4  | Entered Level 4 of the Snake Pit
 31395 | Snake:4  | Found a runed door.
 31395 | Snake:4  | Noticed Dickchan's ghost (adept MiBe)
 31822 | Snake:4  | Gained mutation: You passively map a large area around you.
                  | [Deep Dwarf growth]
 31822 | Snake:4  | Reached XP level 18. HP: 192/192 MP: 11/11
 32424 | Snake:4  | Got a serpentine rune of Zot
 32870 | Swamp:4  | Entered Level 4 of the Swamp
 33102 | Swamp:4  | Noticed the 27-headed Lernaean hydra
 33270 | Swamp:3  | HP: 13/289 [the 25-headed Lernaean hydra (6)]
 33272 | Swamp:3  | Killed the 23-headed Lernaean hydra
 33356 | Swamp:4  | Reached skill level 15 in Fighting
 33832 | Swamp:4  | Got a decaying rune of Zot
 34458 | Vaults:1 | Entered Level 1 of the Vaults
 34746 | Vaults:1 | Reached skill level 10 in Charms
 35152 | Vaults:1 | Found Qihor Seuv's General Store.
 35454 | Vaults:1 | Found Abbuzog's Assorted Antiques.
 35461 | Vaults:1 | Bought a scroll of enchant weapon for 187 gold pieces
 35461 | Vaults:1 | Bought a shimmering cloak for 237 gold pieces
 35461 | Vaults:1 | Bought a potion of heal wounds for 125 gold pieces
 35471 | Vaults:1 | Identified the +0 cloak of Objectivity {rC- rN+ Int+3} (You
                  | bought it in a shop on level 1 of the Vaults)
 35500 | Vaults:1 | Reached XP level 19. HP: 204/204 MP: 12/12
 35550 | Vaults:1 | Found Apous Xutza's Jewellery Boutique.
 35565 | Vaults:1 | Found Uczitoag's Jewellery Shoppe.
 35883 | Vaults:2 | Found a staircase to the Crypt.
 35937 | Vaults:2 | Got a warped scale mail
 35938 | Vaults:2 | Identified the +0 scale mail of the Desolation of Salt
                  | {-Cast rElec rPois Str+6} (You found it on level 2 of the
                  | Vaults)
 37057 | Vaults:3 | Noticed Boris
 37293 | Elf:1    | Entered Level 1 of the Elven Halls
 38072 | Elf:1    | Found a bloodstained altar of Trog.
 38158 | Elf:1    | Found a runed gate.
 38158 | Elf:1    | Found a runed gate.
 38158 | Elf:1    | Found a runed gate.
 38163 | Elf:1    | Noticed Jannitor's ghost (adept OgSu)
 38312 | Elf:1    | Found a portal to a secret trove of treasure.
 38414 | Elf:1    | Reached skill level 15 in Armour
 38414 | Elf:1    | Reached skill level 15 in Shields
 38424 | Elf:1    | Noticed Azrael
 38435 | Elf:1    | Killed Azrael
 38654 | Elf:2    | Reached skill level 1 in Air Magic
 38683 | Elf:2    | Found a huge runed gate.
 38685 | Elf:2    | Found a huge runed gate.
 38688 | Elf:2    | Found a huge runed gate.
 38718 | Elf:2    | Got a brightly glowing chain mail
 38719 | Elf:2    | Identified the +2 chain mail of the Solstice {rC+} (You
                  | found it on level 2 of the Elven Halls)
 38762 | Elf:2    | Found Abi Hisch's Weapon Emporium.
 39422 | Elf:2    | Reached XP level 20. HP: 185/213 MP: 13/13
 39520 | Elf:2    | Reached skill level 5 in Air Magic
 39684 | Elf:3    | Entered Level 3 of the Elven Halls
 39729 | Elf:3    | Found Zeufioqu's Antique Weapon Shoppe.
 40152 | Elf:3    | Identified the Catalogue of Creative Arcane Weapons
 40156 | Elf:3    | Learned a level 1 spell: Summon Butterflies
 40367 | Elf:3    | Found Fecsav's Jewellery Shoppe.
 40369 | Elf:3    | Found Gaestaod's Gadget Shop.
 40370 | Elf:3    | Found Tuenuu's Jewellery Shoppe.
 40469 | Elf:3    | Reached skill level 1 in Summonings
 41118 | Elf:3    | Got a wavering brass ring
 41121 | Elf:3    | Got a faintly glowing sapphire amulet
 41145 | Elf:3    | Identified the ring "Orepiud" {rElec rF- rN+ Int+3 SInv}
                  | (You took it off a deep elf high priest on level 3 of the
                  | Elven Halls)
 41146 | Elf:3    | Identified the amulet "Qasit" {Harm *Drain Str+5} (You took
                  | it off a deep elf sorcerer on level 3 of the Elven Halls)
 41229 | Elf:3    | Identified the Papyrus of Fascination
 41254 | Elf:3    | Found the +2 pair of boots of the Assassin {Detection Stab+
                  | Stlth++}
 41485 | Elf:3    | Got a dazzling chain mail
 41486 | Elf:3    | Identified the +4 chain mail of the Townfolk {rC++ Stlth+}
                  | (You took it off a deep elf high priest on level 3 of the
                  | Elven Halls)
 41793 | Crypt:1  | Entered Level 1 of the Crypt
 41813 | Crypt:1  | Found a basalt altar of Yredelemnul.
 41852 | Crypt:1  | Reached skill level 5 in Summonings
 41861 | Crypt:1  | Noticed Jory
 41870 | Crypt:1  | Noticed Mara
 41873 | Crypt:1  | Killed Jory
 41878 | Crypt:1  | Noticed PikkenKukken's illusion
 41915 | Crypt:1  | Killed Mara
 42127 | Crypt:1  | Noticed Frederick
 42149 | Crypt:1  | Killed Frederick
 42348 | Crypt:1  | Found a shimmering altar of Xom.
 42348 | Crypt:1  | Noticed Dazavuho's ghost (veteran MiBe)
 42349 | Crypt:1  | Found a runed door.
 42703 | Crypt:2  | Reached XP level 21. HP: 221/221 MP: 14/14
 42892 | Crypt:2  | Reached skill level 10 in Stealth
 43212 | Crypt:2  | Reached skill level 10 in Air Magic
 43661 | Crypt:3  | Entered Level 3 of the Crypt
 44021 | Crypt:3  | Found a staircase to the Tomb.
 44645 | Crypt:3  | Got scorched shadow dragon scales
 44646 | Crypt:3  | Identified the +5 shadow dragon scales of Lobluhas {Dex+2
                  | Stlth++++} (You found it on level 3 of the Crypt)
 44829 | Crypt:3  | Found an ancient bone altar of Kikubaaqudgha.
 44830 | Crypt:3  | Noticed an ancient lich
 44847 | Crypt:3  | Killed an ancient lich
 44937 | Crypt:3  | Reached skill level 10 in Spellcasting
 45034 | Crypt:3  | Got a wavering granite ring
 45421 | Orc:2    | Bought a scroll of identify for 30 gold pieces
 45421 | Orc:2    | Bought a scroll of magic mapping for 52 gold pieces
 45421 | Orc:2    | Bought a scroll of identify for 30 gold pieces
 45421 | Orc:2    | Bought a scroll of magic mapping for 52 gold pieces
 45421 | Orc:2    | Bought a scroll of identify for 30 gold pieces
 45421 | Orc:2    | Bought a scroll of blinking for 112 gold pieces
 45421 | Orc:2    | Bought a scroll of magic mapping for 52 gold pieces
 45421 | Orc:2    | Identified the cursed ring "Keceet" {rElec Str-5 Slay+2}
                  | (You found it on level 3 of the Crypt)
 45700 | Vaults:3 | Killed from afar by Boris

Skill      XL: |  1  2  3  4  5  6  7  8  9 10 11 12 13 14 15 16 17 18 19 20 21 |
---------------+----------------------------------------------------------------+-----
Dodging        | 1 2 3 5 |  5.0
Axes           | 3 4 5 6 7 9 10 12 13 14 15 17 18 | 18.2
Fighting       | 3 4 5 6 7 8 9 10 11 14 15 16 | 16.0
Shields        | 4 5 6 7 8 9 10 11 12 15 | 15.0
Armour         | 4 5 6 7 8 9 10 11 12 15 | 15.0
Invocations    | 2 4 6 8 10 11 12 14 | 14.7
Stealth        | 3 6 9 10 | 10.0
Evocations     | 2 5 |  5.0
Spellcasting   | 3 6 8 10 | 10.0
Translocations | 8 10 | 10.0
Charms         | 2 6 10 | 10.0
Air Magic      | 4 9 10 | 10.0
Summonings     | 5 |  5.0

Action                   |  1- 3 |  4- 6 |  7- 9 | 10-12 | 13-15 | 16-18 | 19-21 || total
-------------------------+-------+-------+-------+-------+-------+-------+-------++-------
Melee: War axe           |    70 |   258 |   460 |   791 |   470 |  2143 |  1287 ||  5479
       Broad axe         |       |       |       |       |  1284 |       |   812 ||  2096
 Fire: Hunting sling     |       |    52 |    53 |       |       |       |       ||   105
 Cast: Summon Butterflie |       |       |       |       |       |       |    10 ||    10
Invok: Lesser Servant of |       |       |       |    20 |    22 |     2 |       ||    44
       Major Destruction |       |       |       |       |     5 |     6 |     1 ||    12
       Greater Servant o |       |       |       |       |     2 |    11 |    17 ||    30
 Abil: Heal Wounds       |       |     5 |     9 |    24 |     9 |     7 |     1 ||    55
       Evoke Flight      |       |       |       |       |     8 |       |       ||     8
       Evoke Blink       |       |       |       |       |     2 |    14 |       ||    16
Evoke: Wand              |       |       |       |       |     9 |     9 |     2 ||    20
  Use: Scroll            |     2 |     5 |     7 |     6 |    11 |    15 |    14 ||    60
       Potion            |     1 |     1 |       |     2 |     2 |     3 |     3 ||    12
 Stab: Distracted        |       |       |       |     4 |     7 |     3 |     7 ||    21
       Sleeping          |       |       |       |       |    10 |     2 |    19 ||    31
       Invisible         |       |       |       |       |       |       |     5 ||     5
       Confused          |       |       |       |       |       |       |     2 ||     2
  Eat: Chunk             |       |     9 |     9 |    35 |    48 |     5 |    18 ||   124
       Ration            |       |       |     1 |       |       |    16 |     7 ||    24
Armor: Scale mail        |    33 |    96 |    46 |       |   665 |   913 |   538 ||  2291
       Chain mail        |       |    11 |       |       |       |       |       ||    11
       Plate armour      |       |       |   130 |   393 |    97 |       |       ||   620
Dodge: Dodged            |    26 |    79 |    71 |   112 |   345 |   623 |   397 ||  1653
Block: Shield            |    26 |    76 |       |       |       |       |       ||   102
       Large shield      |       |    94 |   395 |   674 |  1504 |  2356 |  1904 ||  6927
       Reflection        |       |       |       |       |     5 |   184 |    60 ||   249
